[Event "*** Titled Tuesday Blitz"]
[Site "Chess.com"]
[Date "2018.04.03"]
[Round "6"]
[White "Arash_Tahbaz"]
[Black "Bad4life"]
[Result "1/2-1/2"]
[WhiteElo "2595"]
[BlackElo "2399"]
[TimeControl "180+2"]
[EndTime "14:22:41 PDT"]
[Termination "Game drawn - timeout vs insufficient material"]

1. Nf3 c5 2. g3 g6 3. Bg2 Bg7 4. O-O Nc6 5. c4 e6 6. d3 Nge7 7. Nc3 O-O 8. Bg5 d5 9. a3 h6 10. Bd2 b6 11. Qc1 Kh7 12. Na4 Rb8 13. Rb1 Bd7 14.
Nc3 Nd4 15. cxd5 Nb3 16. Qc2 Nxd2 17. Qxd2 exd5 18. d4 Bf5 19. Rbd1 c4 20. Nh4 Be6 21. e4 dxe4 22. Bxe4 f5 23. Bg2 Nd5 24. Rfe1 Bf7 25.
Nf3 Qd6 26. Ne5 Nxc3 27. Qxc3 b5 28. f4 Bd5 29. Qc2 a5 30. Qe2 Rfe8 31. h4 h5 32.
Bxd5 Qxd5 33. Qg2 Red8 34. Qxd5 Rxd5 35. Nf3 Bf6 36. Re6 Kg7 37. Ra6 b4 38. Ra7+ Kf8 39. axb4 axb4 40. Rc7 Re8 41. Kf2 b3 42. Rxc4 Rb5 43.
Rd3 Ra8 44. Rcc3 Ra2 45. Rxb3 Rxb2+ 46. Rxb2 Rxb2+ 47. Kf1 Rb1+ 48. Ke2 Rb2+ 49. Rd2 Rb1 50. Ne5 Rg1 51. Nxg6+ Kg7 52. Kf2 Rh1 53. Ne5 Rh2+ 54. Ke3 Rh3 55. Kf3 Bxh4 56. Rg2 Be7 57. Rg1 Rh2 58. Rg2 Rh3 59. Ke2 Bd6 60. Nf3 Kf6 61. Kf2 h4 62. Nxh4 Bxf4 63. Nf3 Bd6 64. Rg1 Rh8 65.
Ra1 Ke6 66. Ra5 Rg8 67. Ne5 Rb8 68. Nc4 Bb4 69. d5+ Kf6 70. Ra6+ Ke7 71. Re6+ Kf7 72. Ne5+ Kg7 73. d6 Bc5+ 74. Kf3 Rd8 75. d7 Bb4 76. Re8 Ba5 77. Kf4 Bc7 78. Kxf5 Kh7 79. Rxd8 Bxd8 80. Nc6 Bc7 1/2-1/2

[Event "*** Titled Tuesday Blitz"]
[Site "Chess.com"]
[Date "2018.04.03"]
[Round "6"]
[White "djano"]
[Black "GMKrikor"]
[Result "0-1"]
[WhiteElo "2431"]
[BlackElo "2652"]
[TimeControl "180+2"]
[EndTime "14:22:55 PDT"]
[Termination "GMKrikor won by resignation"]

1. d4 Nf6 2. Nf3 d5 3. c4 e6 4. g3 Bb4+ 5. Bd2 Be7 6. Bg2 O-O 7. O-O Nbd7 8. b3 Ne4 9. Nc3 Nxd2 10. Nxd2 c6 11.
e4 dxe4 12. Ndxe4 f5 13. Nd2 e5 14. dxe5 Nxe5 15. Nf3 Bf6 16. Qc2 Qd3 17. Qxd3 Nxd3 18. Rad1 Nxf2 19. Rxf2 Bxc3 20. Kf1 a5 21. Nd4 a4 22.
Ne2 Bf6 23. b4 Be6 24. Rc1 Rfd8 25. Nf4 Bf7 26. h4 Rd4 27. Rfc2 Rad8 28. b5 Rd1+ 29. Ke2 Rxc1 30. Rxc1 Rd4 31. bxc6 bxc6 32. Bxc6 Rxc4 33.
Rxc4 Bxc4+ 34. Kd2 Bxa2 35. Bxa4 Be5 36. Ke3 Kf7 37.
Bc6 Bb1 38. Kf3 g6 39. Bd5+ Kf6 40. Bc4 Be4+ 41. Kf2 Bd4+ 42. Kf1 h6 43. Ne2 Be5 44. Kf2 g5 45. hxg5+ hxg5 46. Bb5 Bb7 47. Bc4 Bb8 48. Bb5 Ba7+ 49. Kf1 Ke5 50. Bd7 Ba6 51. Ke1 Be3 52. Bc6 Bd3 53. Bf3 Bb5 54. Bb7 Bb6 55. Bf3 Bc5 56. Bb7 Bc4 57. Bc6 Be3 58. Bb7 Kd6 59. Bf3 Kc5 60. Bb7 Be6 61. Bf3 Kc4 62. Bb7 Kd3 63.
Ba6+ Kc2 64. Bb5 Bd5 65. Bd7 Be4 66. Ba4+ Kd3 67. Bb5+ Kc2 68. Ba4+ Kb2 69. Bb5 Kb3 70. Ba6 Kb4 71. Bc8 Kc5 72. Ba6 Kd6 73. Bb5 Ke5 74. Ba6 g4 75. Bb5 Bf3 76. Bd3 Bb7 77. Bb5 Ke4 78.
Bc4 Kf3 79. Bd3 Be4 80. Bc4 Bf2+ 81. Kf1 Bxg3 82. Nd4+ Ke3 83. Ne6 Be5 84. Bb5 f4 85.
Ng5 Bf5 86. Bc6 f3 87. Bd5 Bf6 88. Bc4 Bxg5 0-1

[Event "*** Titled Tuesday Blitz"]
[Site "Chess.com"]
[Date "2018.04.03"]
[Round "6"]
[White "comedy_of_errors"]
[Black "Doraemon7"]
[Result "1-0"]
[WhiteElo "2433"]
[BlackElo "2427"]
[TimeControl "180+2"]
[EndTime "14:23:40 PDT"]
[Termination "comedy_of_errors won by checkmate"]

1. Nf3 d5 2. g3 c6 3. Bg2 Bf5 4.
O-O e6 5. d3 h6 6. c4 Nd7 7.
cxd5 exd5 8. Qb3 Qb6 9. Qc2 Ngf6 10. Nc3 Bh7 11. e4 dxe4 12. dxe4 Be7 13. Be3 Qa5 14.
h3 O-O 15. Rfe1 Rfe8 16. Nd4 Rad8 17. a3 Qc7 18. Rad1 Nc5 19. b4 Ncxe4 20. Nxe4 Nxe4 21.
Bxe4 Bxe4 22. Qxe4 Bxb4 23. Qxe8+ Rxe8 24. axb4 Qd6 25. b5 Qd7 26. bxc6 bxc6 27. Kh2 Qd5 28. Rc1 c5 29. Nb5 Qb3 30. Rxc5 a6 31. Nc7 Rc8 32. Nxa6 Rd8 33. Nc7 Qb4 34. Rec1 Qe4 35. Nb5 Qf3 36. Nd4 Qb7 37. Rc7 Qa6 38. R1c6 Qd3 39. Rc8 Rxc8 40. Rxc8+ Kh7 41. Rc7 Kg6 42. h4 Qd1 43. Rc5 Kh7 44.
h5 Kg8 45. Kg2 Kh7 46. Rf5 Kg8 47.
Ra5 Kh7 48. Rb5 Kg8 49. Rf5 Qd3 50. Rf4 Qd1 51. g4 Kh7 52. Nf3 Qd5 53. Rf5 Qe4 54.
Kg3 Qc4 55. Ne5 Qc7 56. Bf4 Qc3+ 57. Nf3 Qb3 58. Be5 Kg8 59. g5 hxg5 60. Rxg5 g6 61.
hxg6 fxg6 62. Rxg6+ Kf7 63. Rf6+ Ke7 64. Rf4 Qd3 65. Rg4 Kf7 66. Bf4 Qf1 67. Be3 Kf8 68. Rd4 Kf7 69. Rd6 Ke7 70. Bc5 Kf7 71. Ne5+ Kg7 72.
Rg6+ Kh7 73. Kf4 Qc1+ 74. Be3 Qa1 75. Kg5 Qg1+ 76. Kf6 Qa1 77. Rg7+ Kh8 78. Re7 Kg8 79. f4 Qa6+ 80. Re6 Qa1 81. f5 Qh1 82. Ng6 Qa1+ 83. Re5 Kh7 84. Bf4 Qb2 85. Kf7 Qb3+ 86. Re6 Qd5 87. Be5 Qd7+ 88. Ne7 Qd5 89. f6 Qc4 90. Nf5 Qb3 91. Nd6 Qa2 92. Ke7 Qa7+ 93. Kf8 Qa8+ 94. Re8 Qd5 95. f7 Kg6 96. Kg8 Qb3 97. Bg7 Qd5 98. Rd8 Qb3 99. Rd7 Qe6 100. Ra7 Qd5 101. Ra6 Kh5 102. Kh8 Kg6 103. f8=Q Qh5+ 104. Bh6 Qe5+ 105. Qg7+ Kh5 106. Qxe5+ Kxh6 107. Nf7# 1-0

[Event "*** Titled Tuesday Blitz"]
[Site "Chess.com"]
[Date "2018.04.03"]
[Round "7"]
[White "spidernv"]
[Black "Triumphmate"]
[Result "1-0"]
[WhiteElo "2339"]
[BlackElo "2151"]
[TimeControl "180+2"]
[EndTime "14:25:51 PDT"]
[Termination "spidernv won by resignation"]

1. e4 e5 2. Nf3 Nc6 3. Bb5 a6 4. Ba4 Nf6 5. d3 b5 6. Bb3 Bc5 7. O-O O-O 8. Bg5 d6 9. Nc3 h6 10. Bh4 Ne7 11. Bxf6 gxf6 12. d4 Bb6 13. Nh4 Ng6 14. Nxg6 1-0

[Event "*** Titled Tuesday Blitz"]
[Site "Chess.com"]
[Date "2018.04.03"]
[Round "7"]
[White "GameOverBro"]
[Black "LawrenceTrent"]
[Result "1-0"]
[WhiteElo "2418"]
[BlackElo "2523"]
[TimeControl "180+2"]
[EndTime "14:25:59 PDT"]
[Termination "GameOverBro won by resignation"]

1. e4 c5 2. Ne2 g6 3. Nbc3 Bg7 4. d4 cxd4 5. Nxd4 Nc6 6. Nde2 d6 7. g3 Nf6 8. Bg2 h5 9. h3 h4 10. g4 Nxg4 11.
hxg4 Bxg4 12. Bh3 Bf3 13. Rg1 Nd4 14. Qd3 Qa5 15. Nxd4 Bh5 16. Qb5+ 1-0

[Event "*** Titled Tuesday Blitz"]
[Site "Chess.com"]
[Date "2018.04.03"]
[Round "7"]
[White "Zaven_ChessMood"]
[Black "lachesisQ"]
[Result "1/2-1/2"]
[WhiteElo "2823"]
[BlackElo "2912"]
[TimeControl "180+2"]
[EndTime "14:27:05 PDT"]
[Termination "Game drawn by agreement"]

1. e4 c5 2. Nf3 d6 3. d4 cxd4 4.
Nxd4 Nf6 5. Nc3 a6 6. Be3 e5 7.
Nf3 Nc6 8. Bc4 Be6 9. Bb3 Na5 10.
Bg5 Nxb3 11. axb3 Be7 12. Bxf6 Bxf6 13. Nd5 Be7 14. O-O O-O 15. Qd3 Rc8 16. c3 Bg5 17.
Rfe1 Bh6 18. Rad1 g6 19. Nd2 f5 20. exf5 gxf5 21. Nc4 1/2-1/2

[Event "*** Titled Tuesday Blitz"]
[Site "Chess.com"]
[Date "2018.04.03"]
[Round "7"]
[White "GM_dmitrij"]
[Black "AkshatChandra"]
[Result "0-1"]
[WhiteElo "2696"]
[BlackElo "2814"]
[TimeControl "180+2"]
[EndTime "14:27:22 PDT"]
[Termination "AkshatChandra won by checkmate"]

1. e4 e5 2. Nf3 Nc6 3. Bb5 a6 4.
Ba4 Nf6 5. O-O Be7 6. d3 b5 7. Bb3 d6 8. a3 O-O 9. Nc3 Bg4 10. Be3 Nd4 11. Bxd4 exd4 12. Nd5 c6 13. Nxe7+ Qxe7 14. h3 Bh5 15. g4 Nxg4 16. hxg4 Bxg4 17. Kg2 Kh8 18. Qd2 f5 19. Nh2 Qh4 20. Rg1 Qh3+ 21. Kh1 Bf3+ 22. Rg2 Qxg2# 0-1

[Event "*** Titled Tuesday Blitz"]
[Site "Chess.com"]
[Date "2018.04.03"]
[Round "7"]
[White "AndrewMcStone"]
[Black "MFBerna"]
[Result "1-0"]
[WhiteElo "2092"]
[BlackElo "2265"]
[TimeControl "180+2"]
[EndTime "14:27:51 PDT"]
[Termination "AndrewMcStone won by resignation"]

1. d4 Nf6 2. c4 g6 3. Nc3 d5 4. cxd5 Nxd5 5. Bd2 Bg7 6. e4 Nxc3 7. Bxc3 O-O 8. Be2 c5 9. d5 e6 10. Nf3 exd5 11. exd5 Nd7 12. Bxg7 Kxg7 13. Qd2 Qf6 14. O-O Rd8 15. Rad1 Nb6 16. Qc3 Qxc3 17. bxc3 Nxd5 18. c4 Nc3 19. Rxd8 Nxe2+ 20. Kh1 b6 21. Re1 1-0

[Event "*** Titled Tuesday Blitz"]
[Site "Chess.com"]
[Date "2018.04.03"]
[Round "7"]
[White "Bad4life"]
[Black "Supernotar"]
[Result "0-1"]
[WhiteElo "2386"]
[BlackElo "2226"]
[TimeControl "180+2"]
[EndTime "14:28:10 PDT"]
[Termination "Supernotar won by checkmate"]

1. e4 c6 2. Nc3 d5 3. Qe2 d4 4. Nd1 e5 5. g3 Bd6 6. f4 exf4 7. e5 Bc7 8. gxf4 Qh4+ 9. Qf2 Qxf2+ 10. Nxf2 c5 11.
Nf3 Nc6 12. Rg1 g6 13. Bc4 Nge7 14. Ng5 O-O 15. Nfe4 Kg7 16. d3 a6 17. a4 Nb4 18.
Rg2 h6 19. Nf3 Bh3 20. Rf2 b5 21. axb5 axb5 22. Rxa8 Rxa8 23. Bxb5 Ra1 24. Kd1 Na2 25. Nxc5 Rxc1+ 26. Kd2 Ba5+ 27. c3 dxc3+ 28. bxc3 Bxc3+ 29. Ke2 Bg4 30. Ne4 Re1# 0-1

[Event "*** Titled Tuesday Blitz"]
[Site "Chess.com"]
[Date "2018.04.03"]
[Round "7"]
[White "amintabatabaei"]
[Black "Muracle"]
[Result "1-0"]
[WhiteElo "2657"]
[BlackElo "2472"]
[TimeControl "180+2"]
[EndTime "14:28:21 PDT"]
[Termination "amintabatabaei won by resignation"]

1. e4 g6 2. d4 Bg7 3. Nf3 d6 4. Bg5 a6 5. Nbd2 Nd7 6. c3 b6 7.
Bc4 Bb7 8. Qe2 h6 9. Bh4 g5 10. Bg3 e6 11. a4 Ne7 12. Bd3 O-O 13. e5 dxe5 14. Nxe5 Nxe5 15. Bxe5 Bxe5 16. Qxe5 Qd6 17. Qxd6 cxd6 18. Be4 Bxe4 19. Nxe4 Rfd8 20. h4 d5 21. Nf6+ Kg7 22. hxg5 hxg5 23. Ng4 Nc6 24. Ke2 b5 25. Rh5 Rh8 26. Rxg5+ Kf8 27. axb5 1-0

[Event "*** Titled Tuesday Blitz"]
[Site "Chess.com"]
[Date "2018.04.03"]
[Round "7"]
[White "DrHolmes13"]
[Black "Firouzja2003"]
[Result "1-0"]
[WhiteElo "2492"]
[BlackElo "2743"]
[TimeControl "180+2"]
[EndTime "14:28:31 PDT"]
[Termination "DrHolmes13 won by resignation"]

1. d4 Nf6 2. c4 e6 3. Nf3 d5 4. Nc3 c6 5. g3 Nbd7 6. Bg2 Be7 7. O-O O-O 8. Qd3 b6 9. Rd1 Ba6 10. b3 Rc8 11. e4 c5 12. exd5 exd5 13. dxc5 dxc4 14.
bxc4 Bxc5 15. Nb5 Bxb5 16. cxb5 Re8 17. Bb2 Ne4 18. Qxd7 Nxf2 19. Rd5 Ne4+ 20. Bd4 Qf6 21. Rxc5 Nxc5 22. Qxe8+ 1-0

[Event "*** Titled Tuesday Blitz"]
[Site "Chess.com"]
[Date "2018.04.03"]
[Round "7"]
[White "dolynachess"]
[Black "Manukyan_Artak"]
[Result "1-0"]
[WhiteElo "2404"]
[BlackElo "2382"]
[TimeControl "180+2"]
[EndTime "14:28:37 PDT"]
[Termination "dolynachess won by resignation"]

1. d4 Nf6 2. c4 d6 3. Nc3 g6 4. e4 Bg7 5. Nf3 O-O 6. Be2 e5 7. d5 a5 8. Be3 Ng4 9. Bg5 Bf6 10. Bxf6 Qxf6 11. h3 Nh6 12. a3 Kg7 13. b4 axb4 14.
axb4 Rxa1 15. Qxa1 Na6 16. Qa3 Qf4 17. c5 f5 18. g3 fxe4 19. gxf4 exf3 20. Bxa6 bxa6 21. fxe5 dxe5 22. Qa5 Rf7 23. Rg1 Bxh3 24. Qxa6 Nf5 25. Ne4 Nd4 26. Kd2 h6 27. Qxg6+ 1-0

[Event "*** Titled Tuesday Blitz"]
[Site "Chess.com"]
[Date "2018.04.03"]
[Round "7"]
[White "BogdanDeac"]
[Black "Vincent_Vega95"]
[Result "0-1"]
[WhiteElo "2685"]
[BlackElo "2559"]
[TimeControl "180+2"]
[EndTime "14:28:46 PDT"]
[Termination "Vincent_Vega95 won by resignation"]

1. d4 Nf6 2. c4 g6 3. g3 Bg7 4. Bg2 O-O 5. Nc3 d6 6. Nf3 Nc6 7. O-O Bg4 8. h3 Bxf3 9. Bxf3 Nd7 10. e3 e5 11. d5 Ne7 12. e4 f5 13. h4 Nf6 14. h5 Nxh5 15. Bxh5 gxh5 16. Bg5 f4 17.
Qxh5 Qd7 18. gxf4 exf4 19. Rad1 Ng6 20. Rd3 Rae8 21. Re1 Re5 22. Kh1 Bf6 23. Rg1 Qe7 0-1

[Event "*** Titled Tuesday Blitz"]
[Site "Chess.com"]
[Date "2018.04.03"]
[Round "7"]
[White "Chesscoach_Golichenko"]
[Black "GMAkobianSTL"]
[Result "0-1"]
[WhiteElo "2488"]
[BlackElo "2660"]
[TimeControl "180+2"]
[EndTime "14:28:51 PDT"]
[Termination "GMAkobianSTL won by resignation"]

1. d4 Nf6 2. c4 b6 3. f3 Nc6 4.
e4 e5 5. Ne2 exd4 6. Nxd4 Nxd4 7.
Qxd4 Bb7 8. Be3 Bc5 9. Qd2 O-O 10.
Nc3 d6 11. Be2 Nh5 12. O-O Qg5 13. Nd1 f5 14. exf5 Rae8 15. g4 Rxe3 0-1

[Event "*** Titled Tuesday Blitz"]
[Site "Chess.com"]
[Date "2018.04.03"]
[Round "7"]
[White "Danny_The_Donkey"]
[Black "pKiLz5Rn9b"]
[Result "0-1"]
[WhiteElo "2645"]
[BlackElo "2651"]
[TimeControl "180+2"]
[EndTime "14:29:10 PDT"]
[Termination "pKiLz5Rn9b won by resignation"]

1. e4 c6 2. d4 d5 3. e5 Bf5 4. Nf3 e6 5. Be2 Ne7 6. O-O Nd7 7. Nbd2 h6 8. c4 g5 9. b3 Ng6 10. g3 h5 11. cxd5 cxd5 12. Bb5 Be7 13. Nb1 g4 14. Ne1 h4 15. Ng2 a6 16. Bd3 hxg3 17. hxg3 Bxd3 18.
Qxd3 Bg5 19. Ba3 Ngxe5 20. dxe5 Nxe5 21. Qc3 Nf3+ 22. Qxf3 gxf3 0-1

[Event "*** Titled Tuesday Blitz"]
[Site "Chess.com"]
[Date "2018.04.03"]
[Round "7"]
[White "maximlavrov"]
[Black "Parhamov"]
[Result "1-0"]
[WhiteElo "2423"]
[BlackElo "2796"]
[TimeControl "180+2"]
[EndTime "14:29:19 PDT"]
[Termination "maximlavrov won by checkmate"]

1. g3 d5 2. Nf3 c6 3. Bg2 Bf5 4. O-O h6 5. c4 e6 6. d3 Nf6 7. cxd5 cxd5 8. Qb3 Qb6 9. Qxb6 axb6 10. Nc3 Nc6 11. Nb5 Kd7 12. a3 Bc5 13. Bd2 e5 14. b4 Be7 15. Rfc1 e4 16. Nfd4 Bg4 17. dxe4 Nxe4 18.
Be3 Nf6 19. h3 Be6 20. Nxe6 fxe6 21. Bxb6 Ra6 22. Be3 Rha8 23. Rab1 Ne8 24. f4 g6 25.
Bf2 h5 26. e4 Nf6 27. Rd1 Rc8 28. exd5 exd5 29. Bxd5 Nxd5 30. Rxd5+ Ke6 31. Rd2 Nd8 32. Re1+ Kf7 33. Rd7 Re6 34. Nd6+ Rxd6 35. Rexe7+ Kf6 36. g4 Rc1+ 37. Kg2 Rc2 38. Kf3 Rc3+ 39. Be3 Rxd7 40. Rxd7 Ne6 41. g5+ Kf5 42. Rf7# 1-0

[Event "*** Titled Tuesday Blitz"]
[Site "Chess.com"]
[Date "2018.04.03"]
[Round "7"]
[White "ZapataCharlesS"]
[Black "Fins0905"]
[Result "1-0"]
[WhiteElo "2677"]
[BlackElo "2592"]
[TimeControl "180+2"]
[EndTime "14:29:21 PDT"]
[Termination "ZapataCharlesS won by resignation"]

1. d4 g6 2. Nf3 Bg7 3. g3 c5 4. Bg2 cxd4 5. Nxd4 Nc6 6. Nxc6 bxc6 7. O-O Nf6 8. c4 O-O 9. Nc3 Rb8 10. Qc2 Qb6 11.
e4 d6 12. b3 Be6 13. Be3 Qa5 14. Rac1 Rfc8 15. h3 Nd7 16. Kh2 Bxc3 17. Qxc3 Qxa2 18. Rb1 f6 19. f4 Bf7 20. Rb2 Qa3 21. Rfb1 Nc5 22. e5 Na4 23. Qa5 Bxc4 24. Qxa4 Rxb3 25. Qxc4+ 1-0

[Event "*** Titled Tuesday Blitz"]
[Site "Chess.com"]
[Date "2018.04.03"]
[Round "7"]
[White "Ravan_02"]
[Black "WinnerOleg"]
[Result "1-0"]
[WhiteElo "2458"]
[BlackElo "2340"]
[TimeControl "180+2"]
[EndTime "14:29:31 PDT"]
[Termination "Ravan_02 won by resignation"]

1. e4 e6 2. d3 d5 3. Nd2 g6 4.
Ngf3 Bg7 5. g3 Ne7 6. Bg2 O-O 7. O-O b5 8. Re1 Bb7 9. e5 d4 10. Ne4 Bxe4 11. Rxe4 c5 12. Bg5 Nbc6 13. Qd2 Qd7 14. h4 f6 15. exf6 Bxf6 16. Rae1 Rae8 17. Bh6 e5 18. Bxf8 Rxf8 19. Nxe5 Nxe5 20. Rxe5 Bxe5 21. Rxe5 Qd6 22. Qe2 Nf5 23. Rd5 Qc7 24. Qe6+ Kh8 25. Rd7 Qc8 26. Qe5+ Kg8 27. Bd5+ 1-0

[Event "*** Titled Tuesday Blitz"]
[Site "Chess.com"]
[Date "2018.04.03"]
[Round "7"]
[White "bascheyaro"]
[Black "nicegg"]
[Result "1-0"]
[WhiteElo "2594"]
[BlackElo "1896"]
[TimeControl "180+2"]
[EndTime "14:29:53 PDT"]
[Termination "bascheyaro won on time"]

1. d4 Nf6 2. Nf3 b5 3. Bf4 e6 4. e3 a6 5. Nbd2 Nd5 6. Bg3 f5 7. c4 bxc4 8. Bxc4 Bb7 9. Rc1 Nf6 10. Qb3 Nc6 11. Qxb7 Rb8 12. Qxc7 Rxb2 13. Qxd8+ Kxd8 14. O-O Ba3 15. Bxe6 Rxd2 16. Nxd2 Bxc1 17. Rxc1 Ke7 18. Bb3 Nb4 19. Nc4 Ne4 20. f3 Nxg3 21. hxg3 Rc8 22. Rd1 d5 23. Ne5 Ke6 24. e4 fxe4 25. fxe4 Rc3 26.
exd5+ Nxd5 27. Nc4 Kd7 28. Ne5+ Ke6 29. Rd3 Rc1+ 30.
Kf2 Kd6 31. Nc4+ Kd7 32. Ne3 Nb4 33. Rd2 Kd6 34. d5 Rc3 35. Nf5+ Ke5 36. Nxg7 a5 37. Nh5 Kf5 38. d6 Nc6 39. d7 Nd8 40. Nf4 Rc7 41. Ne6 Nxe6 42. Bxe6+ Kxe6 43. d8=Q 1-0

[Event "*** Titled Tuesday Blitz"]
[Site "Chess.com"]
[Date "2018.04.03"]
[Round "7"]
[White "julinha97"]
[Black "lukas_111111"]
[Result "1-0"]
[WhiteElo "2231"]
[BlackElo "2489"]
[TimeControl "180+2"]
[EndTime "14:29:54 PDT"]
[Termination "julinha97 won by resignation"]

1. e4 c5 2. Nf3 d6 3. d4 cxd4 4. Nxd4 Nf6 5. Nc3 a6 6. Be3 e6 7. g4 h6 8. Bg2 e5 9. Nf5 g6 10. Qe2 gxf5 11. exf5 Rg8 12. h3 Nc6 13. O-O-O Bd7 14.
f4 Rc8 15. Qf2 Qa5 16. a3 Nd4 17. fxe5 dxe5 18. Rhe1 Be7 19. Bxd4 exd4 20. Qxd4 Rxc3 21. Qxf6 Rxc2+ 22. Kxc2 Qa4+ 23. b3 1-0

[Event "*** Titled Tuesday Blitz"]
[Site "Chess.com"]
[Date "2018.04.03"]
[Round "7"]
[White "TrimitziosP7"]
[Black "olomi007"]
[Result "0-1"]
[WhiteElo "2600"]
[BlackElo "2555"]
[TimeControl "180+2"]
[EndTime "14:30:15 PDT"]
[Termination "olomi007 won by resignation"]

1. Nf3 Nf6 2. c4 e6 3. g3 d5 4.
Bg2 g6 5. O-O Bg7 6. d4 O-O 7.
Qc2 b6 8. Nbd2 Bb7 9. b3 Nbd7 10.
Bb2 Rc8 11. Rac1 Qe7 12. Rfe1 c5 13. Qb1 Rfd8 14. e3 Ne4 15. Nxe4 dxe4 16. Nd2 f5 17. f3 cxd4 18. exd4 Nc5 19. fxe4 Bxd4+ 20. Bxd4 Rxd4 21. Rcd1 Rcd8 22. Nf1 Bxe4 23. Bxe4 Nxe4 24. Rxd4 Rxd4 25. Qb2 Qc5 26. Kh1 b5 27. cxb5 Qd5 28. Kg1 Ng5 29. h4 Nf3+ 30. Kf2 Nxe1 31. Kxe1 Rd1+ 32. Kf2 Qxb5 33. Ne3 Qc5 34. Qf6 Rd2+ 35. Kf3 Qc6+ 36. Kf4 Qe4+ 0-1

[Event "*** Titled Tuesday Blitz"]
[Site "Chess.com"]
[Date "2018.04.03"]
[Round "7"]
[White "ShimanovAlex"]
[Black "KNVB"]
[Result "1-0"]
[WhiteElo "2711"]
[BlackElo "2587"]
[TimeControl "180+2"]
[EndTime "14:30:27 PDT"]
[Termination "ShimanovAlex won on time"]

1. e4 c5 2. Nc3 e6 3. g3 d5 4. Bg2 Nf6 5. d3 Nc6 6. Nh3 dxe4 7. Nxe4 Nxe4 8. Bxe4 Be7 9. Nf4 Bd7 10.
O-O Qc7 11. a3 g6 12. c3 Bf6 13. Be3 Ne7 14. Rc1 Rd8 15. b4 c4 16. dxc4 Bb5 17.
cxb5 Rxd1 18. Rfxd1 O-O 19. c4 b6 20. c5 Qe5 21. Rc4 Nf5 22. Bxf5 Qxf5 23. a4 Rc8 24. a5 bxa5 25. bxa5 Bd8 26. a6 g5 27. Nd3 Qd5 28. Nb2 Qe5 29. Na4 Be7 30. b6 axb6 31. Nxb6 Rc7 32. c6 Ra7 33. Nc8 Rxa6 34. Nxe7+ Kg7 35.
c7 1-0

[Event "*** Titled Tuesday Blitz"]
[Site "Chess.com"]
[Date "2018.04.03"]
[Round "7"]
[White "Vadim_Biliy"]
[Black "Kislov_Oleg"]
[Result "0-1"]
[WhiteElo "2111"]
[BlackElo "2255"]
[TimeControl "180+2"]
[EndTime "14:30:29 PDT"]
[Termination "Kislov_Oleg won by resignation"]

1. d4 d5 2. Nf3 Nf6 3. e3 Bg4 4. Be2 e6 5. O-O c6 6. c4 Nbd7 7. Nc3 Bd6 8. c5 Bc7 9. b4 a6 10. a4 O-O 11. Bb2 Ne4 12. Nxe4 dxe4 13. Nd2 Bxe2 14.
Qxe2 f5 15. f4 Nf6 16. b5 axb5 17. axb5 Nd5 18. b6 Rxa1 19. Rxa1 Bb8 20. Nc4 g5 21. g3 Qf6 22. Ne5 Bxe5 23. dxe5 Qg6 24. Kh1 h5 25. Ra7 Rf7 26. Bd4 Kh7 27. h4 gxh4 28.
gxh4 Rg7 29. Qf2 Qg4 30. Kh2 Nb4 31. Ra1 Nd3 0-1

[Event "*** Titled Tuesday Blitz"]
[Site "Chess.com"]
[Date "2018.04.03"]
[Round "7"]
[White "denizozen"]
[Black "TigranLPetrosyan"]
[Result "1-0"]
[WhiteElo "2646"]
[BlackElo "2649"]
[TimeControl "180+2"]
[EndTime "14:30:31 PDT"]
[Termination "denizozen won by resignation"]

1. e4 g6 2. d4 Bg7 3. Nc3 a6 4. Nf3 d6 5. Be2 b5 6. a4 b4 7. Nd5 Bb7 8. O-O e6 9. Bg5 f6 10. Nf4 fxg5 11. Nxe6 Qe7 12. Bc4 g4 13. Nfg5 Nh6 14.
Re1 Nc6 15. e5 dxe5 16. d5 Nd8 17. d6 cxd6 18. Nxg7+ Kd7 19. N7e6 Nxe6 20. Nxe6 Ke8 21. Bd5 Nf5 22. Bxb7 Qxb7 23. Qxg4 Kf7 24. Ng5+ Kg7 25. Ne6+ Kf6 26. Ng5 h5 27. Ne4+ Kg7 28. Qg5 Rhf8 29. Rad1 Rad8 30. Rd2 d5 31. Ng3 Nxg3 32. hxg3 Rf5 33.
Qxd8 1-0

[Event "*** Titled Tuesday Blitz"]
[Site "Chess.com"]
[Date "2018.04.03"]
[Round "7"]
[White "ChessWarrior7197"]
[Black "jncool68"]
[Result "0-1"]
[WhiteElo "2649"]
[BlackElo "2532"]
[TimeControl "180+2"]
[EndTime "14:30:34 PDT"]
[Termination "jncool68 won by resignation"]

1. e4 c5 2. Nf3 d6 3. d4 cxd4 4. Nxd4 Nf6 5. Nc3 a6 6. h3 e6 7.
g4 Be7 8. g5 Nfd7 9. h4 b5 10. a3 Bb7 11. Be3 Nc6 12. Nxc6 Bxc6 13. Qd4 O-O 14. O-O-O Rb8 15. h5 e5 16. Qd2 f5 17.
gxf6 Nxf6 18. f3 b4 19. axb4 Rxb4 20. Nd5 Nxd5 21. exd5 Qa5 22. Qc3 Bd7 23. Rg1 Rc8 24. Qa3 Ra4 25. b4 Rxa3 26. bxa5 Rxe3 27. Bxa6 Ra8 28.
Bd3 Rxa5 29. h6 g6 30. Bxg6 hxg6 31. Rxg6+ Kh8 32. Rg7 Bf8 33. Rxd7 Rxf3 34. Rd8 Ra1+ 35. Kd2 Rxd1+ 36. Kxd1 Kh7 37. Ke2 Rf4 38. c4 Kxh6 39. c5 dxc5 40. d6 Bg7 41. d7 Rd4 42. Rc8 Rxd7 43. Rxc5 Kg5 0-1

[Event "*** Titled Tuesday Blitz"]
[Site "Chess.com"]
[Date "2018.04.03"]
[Round "7"]
[White "toad"]
[Black "GMSrinath"]
[Result "0-1"]
[WhiteElo "2252"]
[BlackElo "2712"]
[TimeControl "180+2"]
[EndTime "14:30:35 PDT"]
[Termination "GMSrinath won by resignation"]

1. d4 Nf6 2. c4 c5 3. d5 g6 4.
g3 Bg7 5. Nc3 O-O 6. Bg2 e6 7.
Nf3 exd5 8. cxd5 d6 9. O-O Re8 10. Re1 Ne4 11. Nxe4 Rxe4 12. Qc2 Re8 13. e4 b5 14. a4 b4 15. Nd2 Nd7 16. Nc4 Ne5 17. Nxe5 Bxe5 18. f4 Bg7 19. h3 a5 20. Bf1 Bb7 21. Kh2 Bxd5 22. Bd2 Bc6 23. Bc4 Qd7 24. b3 Bxa1 25. Rxa1 Bxe4 26. Qb2 d5 27. Bb5 Qf5 28.
Bxe8 Rxe8 29. Re1 d4 30. Qc1 Bc6 31. Rxe8+ Bxe8 32. Qc4 Bc6 33. Qe2 Qd5 34. g4 Qxb3 35.
f5 Qc2 36. Kg3 Qe4 37. Qxe4 Bxe4 38. Kf4 b3 39. Bc1 c4 40. Kxe4 c3 41. Kxd4 b2 42. Kxc3 bxc1=Q+ 0-1

[Event "*** Titled Tuesday Blitz"]
[Site "Chess.com"]
[Date "2018.04.03"]
[Round "7"]
[White "comedy_of_errors"]
[Black "JSPrepz"]
[Result "0-1"]
[WhiteElo "2428"]
[BlackElo "2586"]
[TimeControl "180+2"]
[EndTime "14:30:37 PDT"]
[Termination "JSPrepz won by resignation"]

1. Nf3 c5 2. g3 Nc6 3. Bg2 g6 4. c4 Bg7 5. Nc3 e5 6. d3 Nge7 7. O-O d6 8. Ne1 Be6 9. Nc2 Qd7 10. Ne3 Bh3 11. Rb1 h5 12. Ned5 h4 13. Ne4 Nxd5 14.
cxd5 Ne7 15. Bxh3 Qxh3 16. Qa4+ Kf8 17. Ng5 Qc8 18. f4 hxg3 19. hxg3 Qg4 20. Rf3 Qh5 21.
Kf2 Qh1 22. Ke3 Qe1 23. fxe5 Rh2 24. Rxf7+ Kg8 25. Qg4 Nxd5+ 26. Ke4 Qb4+ 27. Kf3 Rf2+ 28. Kxf2 Qxg4 29. e6 Bd4+ 30. e3 Nxe3 31. Bxe3 Bxe3+ 32. Kxe3 Qxg5+ 33. Kf2 Qd2+ 34. Kg1 Rf8 35. Rbf1 Rxf7 36.
exf7+ Kf8 37. Rf2 0-1

[Event "*** Titled Tuesday Blitz"]
[Site "Chess.com"]
[Date "2018.04.03"]
[Round "7"]
[White "KRASAVCHIK2002"]
[Black "DrZeiss"]
[Result "1-0"]
[WhiteElo "1982"]
[BlackElo "2210"]
[TimeControl "180+2"]
[EndTime "14:30:37 PDT"]
[Termination "KRASAVCHIK2002 won by checkmate"]

1. d4 Nf6 2. Nf3 c5 3. c3 g6 4. Bg5 Bg7 5. Bxf6 Bxf6 6. e3 O-O 7. Bd3 d6 8. Nbd2 e5 9. dxe5 dxe5 10. Qc2 Nc6 11. h4 Kg7 12. h5 a6 13. O-O-O Qc7 14. hxg6 hxg6 15. Ne4 Be7 16. Neg5 f5 17. Rh7+ Kf6 18. Qb3 Nd8 19. Be2 Ne6 20. Nxe6 Bxe6 21. Bc4 Bxc4 22. Qxc4 b5 23. Qh4+ Ke6 24. Qh6 Rg8 25. Rg7 Rxg7 26. Qxg7 Qc6 27. Qxg6+ Bf6 28. Ng5+ Ke7 29. Qf7# 1-0